 Dungeon Crawl Stone Soup version 0.31.0-11-ge490571c62 (webtiles) character file.

Game seed: 8126969588968192023

109 qw the Shooter (level 4, -2/23 HPs)
             Began as a Spriggan Hunter on Feb 5, 2024.
             Slain by a ribbon worm (5 damage)
             ... on level 4 of the Dungeon.
             The game lasted 00:00:48 (2455 turns).

qw the Shooter (Spriggan Hunter)                    Turns: 2455, Time: 00:00:48

Health: -2/23      AC:  2    Str:  7    XL:     4   Next: 59%
Magic:  5/5        EV: 10    Int: 10    God:
Gold:   47         SH:  0    Dex: 20    Spells: 3/3 levels left

rFire   . . .        a - +1 shortbow
rCold   . . .        (shield currently unavailable)
rNeg    . . .        c - +0 robe
rPois   .            (helmet restricted)
rElec   .            (no cloak)
rCorr   .            (gloves unavailable)
SInv    +            (boots unavailable)
Will    .....        (no amulet)
Stlth   ++           (no ring)
HPRegen 0.23/turn    (no ring)
MPRegen 0.09/turn

%: no passive effects
@: held, very quick
A: very small, no large weapons, unfitting armour, see invisible, speed 3
a: no special abilities


You were on level 4 of the Dungeon.
You visited 1 branch of the dungeon, and saw 4 of its levels.

You collected 47 gold pieces.


Innate Abilities, Weirdness & Mutations

You are very small and have problems with some larger weapons.
You are too small for most types of armour.
You have supernaturally acute eyesight. (SInv)
You cover ground extremely quickly. (Speed+++)


   Skills:
 + Level 1.8 Fighting
 - Level 5.0 Ranged Weapons
 - Level 5.0 Dodging
 - Level 1.5 Stealth


You had 3 spell levels left.
You didn't know any spells.
Your spell library was empty.

Inventory:

Hand Weapons
 a - a +1 shortbow (weapon)
Armour
 c - a +0 robe (worn)
Scrolls
 e - a scroll of enchant armour
Potions
 b - a potion of might
 g - a potion of haste
 k - a potion of mutation {unknown}
 m - a potion of attraction {unknown}

Dungeon Overview and Level Annotations

Branches:
Dungeon (4/15)
 Temple: D:4-7

Altars:
Makhleb


Message History

The ribbon worm is heavily wounded.
The ribbon worm expels a string of sticky webbing.
The stream of webbing hits you but does no damage.
You are caught in a web!
The ribbon worm bites you. The ribbon worm closely misses you.
The ribbon worm bites you but does no damage.
The ribbon worm expels a string of sticky webbing.
The stream of webbing misses you.
You shoot an arrow.
The arrow hits the ribbon worm but does no damage.
The ribbon worm is moderately wounded.
The ribbon worm completely misses you. x2; The ribbon worm barely misses you.
You shoot an arrow. The arrow hits the ribbon worm.
The ribbon worm is heavily wounded.
The ribbon worm barely misses you. The ribbon worm bites you.
You shoot an arrow. The arrow hits the ribbon worm!
You kill the ribbon worm!
The ribbon worm barely misses you. The ribbon worm closely misses you.
You shoot an arrow. The arrow hits the ribbon worm!
The ribbon worm is heavily wounded.
The ribbon worm barely misses you. The ribbon worm misses you.
The ribbon worm bites you.
You shoot an arrow. The arrow hits the ribbon worm.
The ribbon worm is heavily wounded.
The ribbon worm completely misses you. x2; The ribbon worm misses you.
You shoot an arrow. The arrow hits the ribbon worm!
The ribbon worm is almost dead.
The ribbon worm bites you. x2
The ribbon worm expels a string of sticky webbing.
The stream of webbing hits you but does no damage.
You are caught in a web!
You shoot an arrow. The arrow hits the ribbon worm!
You kill the ribbon worm!
The ribbon worm barely misses you. x2
You shoot an arrow. The arrow hits the ribbon worm!
The ribbon worm is moderately wounded.
The ribbon worm expels a string of sticky webbing.
The stream of webbing hits you but does no damage.
You are caught in a web!
The ribbon worm bites you.
You die...

.....^. ########
...^... #. #.....<#
#^^>.. #. #.######
#^... #.##.# #^..
#..#.# .####..
####..#.###
......w##..##.#...#
......w@....#.###.#
.)....w#..#.......#
.......#..#.#######
#......#..#.#
#.#.......#.# #
#.#...#...#
#.....#.### .
..#.#.#


You could see 3 ribbon worms.

Vanquished Creatures
  2 adders (D:2)
  3 dart slugs
  7 ribbon worms
  An orc (D:3)
  6 endoplasms
  2 giant cockroaches
  5 goblins
  4 hobgoblins (D:1)
  7 jackals
  8 kobolds
  4 quokkas
  6 ball pythons
  4 bats
  2 frilled lizards (D:1)
  2 rats
63 creatures vanquished.

Notes
Turn   | Place    | Note
-------+----------+-------------------------------------------
     0 | D:1      | qw the Spriggan Hunter began the quest for the Orb.
     0 | D:1      | Reached XP level 1. HP: 10/10 MP: 2/2
     0 | D:1      | 0 ||| qw: Version: 0.3-a-160-g6735b56
     0 | D:1      | 0 ||| qw: Game counter: 6466
     0 | D:1      | 0 ||| qw: Melee chars always use a shield: true
     0 | D:1      | 0 ||| qw: God list: Okawaru
     0 | D:1      | 0 ||| qw: Allow faded altars: false
     0 | D:1      | 0 ||| qw: Do Orc after clearing Dungeon:15 true
     0 | D:1      | 0 ||| qw: Do second Lair branch before Depths: true
     0 | D:1      | 0 ||| qw: Lair rune preference: random
     0 | D:1      | 0 ||| qw: Goals: Normal
     0 | D:1      | 0 ||| PLANNING D:1-11
    37 | D:1      | Reached skill level 3 in Dodging
   105 | D:1      | Reached XP level 2. HP: 14/14 MP: 3/3
   470 | D:1      | Found a faded altar of an unknown god.
   587 | D:1      | Reached XP level 3. HP: 18/18 MP: 4/4
   877 | D:1      | 877 ||| READING scroll labelled AGGELI WAFUQAY.
   878 | D:1      | 878 ||| DROPPING scroll of butterflies.
   982 | D:2      | Identified the +2 hand axe of the Gloaming {drain, Int+6
                  | Stlth+}
  1482 | D:2      | Reached XP level 4. HP: 22/22 MP: 5/5
  1655 | D:2      | 1655 ||| READING scroll of identify.
  1655 | D:2      | 1655 ||| IDENTIFYING amethyst potion
  1656 | D:2      | 1656 ||| READING scroll labelled BOJ HEBAINEEGA.
  1656 | D:2      | 1656 ||| ENCHANTING +0 shortbow.
  1657 | D:2      | 1657 ||| READING scroll labelled LOWOPN LOPTI.
  1758 | D:2      | 1758 ||| READING scroll labelled HAMAONGALET.
  1758 | D:2      | 1758 ||| ENCHANTING +0 shortbow.
  1759 | D:2      | 1759 ||| DRINKING 2 sedimented sapphire potions.
  2027 | D:3      | 2027 ||| FLEEEEING.
  2115 | D:3      | Found a burning altar of Makhleb.
  2259 | D:3      | 2259 ||| DROPPING +6 ring of intelligence.
  2260 | D:3      | 2260 ||| READING 3 scrolls of identify.
  2260 | D:3      | 2260 ||| IDENTIFYING inky potion
  2261 | D:3      | 2261 ||| READING 2 scrolls of identify.
  2261 | D:3      | 2261 ||| IDENTIFYING bubbling ruby potion
  2262 | D:3      | 2262 ||| READING scroll of identify.
  2262 | D:3      | 2262 ||| IDENTIFYING fuming green potion
  2263 | D:3      | 2263 ||| READING scroll labelled KIHEEKLIEL.
  2264 | D:3      | 2264 ||| READING scroll labelled BUPNUC AVVEM.
  2365 | D:3      | 2365 ||| DROPPING potion of brilliance.
  2366 | D:3      | 2366 ||| DROPPING potion of degeneration.
  2442 | D:4      | HP: 3/22 [ribbon worm (3)]
  2443 | D:4      | 2443 ||| DRINKING potion of heal wounds.
  2452 | D:4      | HP: 2/23 [ribbon worm (5)]
  2455 | D:4      | Slain by a ribbon worm

Levels and vault maps discovered:
D:1:      elethiomel_arrival_infinity_welcomes_careful_drivers, layout_basic,
          chequers_ecumenical_altar_simple_redux
D:2:      layout_loops_ring, minmay_misc_feat_tower,
          nicolae_twisty_statue_hallways
D:3:      layout_rooms, general_overflow_altar
D:4:      layout_basic, overflow_temple_1_default, serial_shops,
          nicolae_shop_tiny_waterfront, nicolae_wormholes

Skill      XL: |  1  2  3  4 |
---------------+-------------+-----
Dodging        | 3 4 5 |  5.0
Ranged Weapons | 5 |  5.0
Fighting       | |  1.8
Stealth        | |  1.5

Action                     |  1- 3 |  4- 6 || total
---------------------------+-------+-------++-------
   Fire: Shortbow          |   102 |    72 ||   174
    Use: Scroll            |     1 |     9 ||    10
         Potion            |       |     2 ||     2
 Armour: Robe              |     9 |    19 ||    28
  Dodge: Dodged            |    18 |    53 ||    71

Table legend:
 A = Non-vault XP
 B = Vault XP
 C = Vault XP percentage of total XP
 D = Non-vault monster count
 E = Vault monster count
 F = Vault count percentage of total count
                 A         B        C        D         E       F
            +---------+---------+-------+---------+---------+-------
      Total |     138 |      18 |  11.5 |      59 |       4 |   6.3
            +---------+---------+-------+---------+---------+-------
        D:1 |      45 |       0 |   0.0 |      26 |       0 |   0.0
        D:2 |      54 |       0 |   0.0 |      15 |       0 |   0.0
        D:3 |      39 |       0 |   0.0 |      18 |       0 |   0.0
        D:4 |       0 |      18 | 100.0 |       0 |       4 | 100.0
            +---------+---------+-------+---------+---------+-------
